 Dungeon Crawl Stone Soup version bcrawl-1.37.2 (webtiles) character file.

Game seed: 9242000543054685027

154205 Leeroy the Slasher (level 4, 0/33 HPs)
             Began as a Vampire Skald on Feb 11, 2023.
             Succumbed to an orc wizard's poison
             ... on level 3 of the Dungeon.
             The game lasted 00:03:16 (2015 turns).

Leeroy the Slasher (Vampire Skald)                  Turns: 2015, Time: 00:03:17

Health: 0/33       AC:  6    Str: 19    XL:     4   Next: 95%
Magic:  7/7        EV: 12    Int: 13    God:
Gold:   143        SH:  1    Dex: 13    Spells: 1/7 levels left

rFire    . . .     GDR:     26% a - +0 long sword
rCold    + . .     SeeInvis +   (no shield)
rNeg     . . .     Gourm    .   b - +0 leather armour
rPois    .         Faith    .   m - +2 hat
rElec    .         Spirit   .   (no cloak)
rCorr    .         Reflect  .   (no gloves)
MR       .....                  k - +0 pair of boots
Stlth    +.........             d - amulet of magic regeneration
HPRegen  0.40/turn              g - ring of protection from cold (curse)
MPRegen  0.20/turn              n - +5 ring of strength

@: lethally poisoned (0 -> -13), infused (expiring), regenerating quickly
A: claws 1, fangs 3, see invisible, unbreathing
a: Bat Form


You were on level 3 of the Dungeon.
You were full.

You visited 1 branch of the dungeon, and saw 3 of its levels.

You collected 143 gold pieces.

Inventory:

Hand Weapons
 a - a +0 long sword (weapon)
 h - a +4 dagger
Armour
 b - a +0 leather armour (worn)
 k - a +0 pair of boots (worn)
 m - a +2 hat (worn)
 r - a +0 pair of boots
Jewellery
 d - an amulet of magic regeneration (around neck)
 g - a cursed ring of protection from cold (left claw)
 n - a +5 ring of strength (right claw)
Scrolls
 c - 2 scrolls of immolation
 j - 2 scrolls of remove curse
 p - a scroll of blinking
 s - a scroll of noise {unknown}
Potions
 f - a potion of haste
 i - a potion of flight {unknown}
 o - 3 potions of heal wounds {unknown}
 q - a potion of blood
 t - a potion of brilliance {unknown}


   Skills:
 - Level 1.7 Fighting
 + Level 6.0 Long Blades
 - Level 0.8 Armour
 - Level 2.1 Dodging
 - Level 2.0 Spellcasting
 * Level 2.0 Hexes
 - Level 3.2 Charms


You had one spell level left.
You knew the following spells:

 Your Spells              Type           Power        Failure   Level  Hunger
a - Infusion              Chrm           #.......     8%          1    None
b - Spectral Weapon       Hex/Chrm       #.......     30%         3    ####...
c - Swiftness             Chrm/Air       #.......     24%         2    ##.....

Your spell library contained the following spells:

 Spells                   Type           Power        Failure   Level  Hunger
 Song of Slaying          Chrm           #.......     12%         2    ##.....
 Ozocubu's Armour         Chrm/Ice       #.......     43%         3    ####...
 Regeneration             Chrm/Necr      #.........   43%         3    ####...


Dungeon Overview and Level Annotations

Branches:
Dungeon (3/12)

Altars:


Innate Abilities, Weirdness & Mutations

Your natural rate of healing is unusually fast.
You have sharp fingernails.
You have razor-sharp teeth.
You have supernaturally acute eyesight. (SInv)
You can survive without breathing.


Message History

* * * LOW HITPOINT WARNING * * *
Yummy - fresh blood!
* * * LOW HITPOINT WARNING * * *
You feel sick. The orc hits you but does no damage.
The kobold barely misses you.
The orc wizard hits you but does no damage.
You are more poisoned.
The hobgoblin hits you but does no damage.
You slash the orc wizard!
You kill the orc wizard!
* * * LOW HITPOINT WARNING * * *
You feel sick. The kobold misses you. The orc hits you with a +0 club.
* * * LOW HITPOINT WARNING * * *
The hobgoblin barely misses you.
Your Long Blades skill increases to level 6!
Your Hexes skill increases to level 2!
As you read the scroll of fear, it crumbles to dust.
You assume a fearsome visage.
The hobgoblin looks frightened!
The kobold looks frightened!
The orc looks frightened!
You die...

#..#...........## .
................#.
#.####.....?..........#
..>.....................
...#....................
........................
##....goK...............
#.....)@)...............
#.......................
#.......................
##...........)..........
##.....................
##....................
##.................##
..................#
.......<..........


You could see an orc (fleeing), a hobgoblin (fleeing) and a kobold (fleeing).

Vanquished Creatures
  An orc wizard (D:3)
  Jessica (D:2)
  Robin (D:2)
  2 oozes (D:2)
  3 worms
  2 dart slugs
  2 leopard geckos (D:2)
  2 orcs
  12 goblins
  3 hobgoblins
  A quokka (D:2)
  A ball python (D:2)
  2 bats
  4 frilled lizards
  7 kobolds
  3 rats (D:1)
47 creatures vanquished.

Notes
Turn   | Place    | Note
-------+----------+-------------------------------------------
     0 | D:1      | Leeroy the Vampire Skald began the quest for the Orb.
     0 | D:1      | Reached XP level 1. HP: 16/16 MP: 3/3
   251 | D:1      | Reached skill level 3 in Long Blades
   399 | D:1      | Reached XP level 2. HP: 22/22 MP: 0/5
  1137 | D:2      | Reached skill level 4 in Long Blades
  1230 | D:2      | Noticed Jessica
  1248 | D:2      | Killed Jessica
  1249 | D:2      | Reached XP level 3. HP: 25/27 MP: 3/6
  1256 | D:2      | Learned a level 3 spell: Spectral Weapon
  1259 | D:2      | Learned a level 2 spell: Swiftness
  1358 | D:2      | Reached skill level 5 in Long Blades
  1459 | D:2      | Reached skill level 1 in Hexes
  1573 | D:2      | Reached XP level 4. HP: 27/33 MP: 7/7
  1832 | D:2      | Noticed Robin
  1833 | D:2      | Found a glowing silver altar of Zin.
  1855 | D:2      | Killed Robin
  2014 | D:3      | HP: 1/33 [orc/+0 club (1)]
  2015 | D:3      | Reached skill level 6 in Long Blades
  2015 | D:3      | Succumbed to an orc wizard's poison

Skill      XL: |  1  2  3  4 |
---------------+-------------+-----
Long Blades    | 3 4 5 6 |  6.0
Hexes          | 1 2 |  2.0
Fighting       | |  1.7
Armour         | |  0.8
Dodging        | |  2.1
Spellcasting   | |  2.0
Charms         | |  3.2

Action                   |  1- 3 |  4- 6 || total
-------------------------+-------+-------++-------
Melee: Long sword        |    88 |    48 ||   136
       Bite              |     5 |     8 ||    13
 Cast: Infusion          |     2 |     2 ||     4
  Use: Scroll            |     5 |     1 ||     6
       Potion            |       |     4 ||     4
 Stab: Sleeping          |     3 |     1 ||     4
  Eat: Corpse            |     5 |     5 ||    10
Armor: Leather armour    |    23 |    24 ||    47
Dodge: Dodged            |    54 |    43 ||    97
Block: Other             |     1 |     4 ||     5
